 Dungeon Crawl Stone Soup version 0.21.1-1-g345015fe64 (webtiles) character file.

63 Kohma the Slasher (level 3, 0/29 HPs)
             Began as a Demonspawn Berserker on June 25, 2018.
             Was a Believer of Trog.
             Slain by Sigmund
             ... wielding a +1 scythe of flaming
              (2 damage)
             ... on level 2 of the Dungeon.
             The game lasted 00:04:47 (1838 turns).

Kohma the Slasher (Demonspawn Berserker)            Turns: 1838, Time: 00:04:48

Health: 0/29       AC:  3    Str: 18    XL:     3   Next: 87%
Magic:  3/3        EV: 12    Int:  8    God:    Trog [**....]
Gold:   104        SH:  0    Dex: 12    Spells: 2/2 levels left

rFire    . . .     SeeInvis .   a - +0 falchion
rCold    . . .     Gourm    .   (no shield)
rNeg     . . .     Faith    .   b - +0 animal skin
rPois    .         Spirit   .   (helmet restricted)
rElec    .         Reflect  .   (no cloak)
rCorr    .         Harm     .   k - +0 pair of gloves (curse)
MR       ++...                  (no boots)
Stlth    +.........             (no amulet)
HPRegen  1.09/turn              (no ring)
MPRegen  0.08/turn              (no ring)

@: regenerating
A: horns 2
a: Berserk, Trog's Hand, Burn Spellbooks, Renounce Religion


You were on level 2 of the Dungeon.
You worshipped Trog.
Trog was pleased with you.
You were not hungry.

You visited 1 branch of the dungeon, and saw 2 of its levels.

You collected 104 gold pieces.

Inventory:

Hand Weapons
 a - a +0 falchion (weapon)
Missiles
 h - 37 sling bullets
Armour
 b - a +0 animal skin (worn)
 k - a cursed +0 pair of gloves (worn)
Jewellery
 e - a cursed +3 ring of dexterity {unknown}
Scrolls
 d - 2 scrolls of teleportation {unknown}
 i - a scroll of magic mapping {unknown}
 m - a scroll of fog {unknown}
 n - a scroll of immolation {unknown}
 p - a scroll of blinking {unknown}
Potions
 g - a potion of heal wounds {unknown}
 j - a potion of agility {unknown}
 l - a potion of degeneration {unknown}
 o - 3 potions of haste {unknown}
Comestibles
 c - 8 rations
 f - a chunk of flesh


   Skills:
 - Level 3.0 Fighting
 * Level 3.9 Long Blades
 + Level 2.6 Armour
 - Level 1.7 Dodging


You had 2 spell levels left.
You didn't know any spells.

Dungeon Overview and Level Annotations

Branches:
Dungeon (2/15)

Altars:
Kikubaaqudgha
The Shining One

Annotations:
D:1 exclusion: downstairs
D:2 Sigmund


Innate Abilities, Weirdness & Mutations

You have a pair of horns on your head.


Message History

Some of the chunks of flesh in your inventory have rotted away.
Sigmund shouts!
Sigmund is too close now for your liking.
Sigmund points at you and mumbles some strange words.
You are confused.
You bump into the rock wall.
You feel less confused. Sigmund casts a spell at you. The magic dart hits you!
A worm comes into view.
Sigmund hits you from afar with a scythe of flaming!
Sigmund burns you.
Sigmund points at you and mumbles some strange words.
The puff of flame hits you!
* * * LOW HITPOINT WARNING * * *
Your skin crawls.
You feel resistant to hostile enchantments.
You feel somewhat more hungry.
Sigmund hits you with a scythe of flaming.
You die...

##.# #.#####...###..# #.#
#.#.).....#...# #.#
#...###.....# . ######.###
###.)## .. #_# #..# #..# .w.
#.# #.## ##.# ..........#
#.##### #.##..........#
...≈###########.##..........
...≈#...........@@g........##
...≈#..######..###..........#
...≈#.....##..## #..........#
...≈###......## #..........#
...≈#.####..## ##..........#
...≈#..#...## #...........#
...≈#.....## ####.#......<.##
#.###>.#.#####....##......##
#.# #..........############


You could see Sigmund, a worm and a hobgoblin.

Vanquished Creatures
  2 adders (D:2)
  2 worms (D:2)
  A leopard gecko (D:2)
  3 bats
  4 bat zombies (D:2)
  2 giant cockroaches (D:2)
  4 goblins
  2 hobgoblins (D:1)
  3 jackals (D:1)
  3 kobolds
  4 frilled lizards (D:1)
  8 rats
  A rat zombie (D:2)
39 creatures vanquished.

Notes
Turn   | Place    | Note
-------+----------+-------------------------------------------
     0 | D:1      | Kohma the Demonspawn Berserker began the quest for the Orb.
     0 | D:1      | Reached XP level 1. HP: 18/18 MP: 1/1
   356 | D:1      | Gained mutation: You have a pair of small horns on your head. [demonic ancestry]
   356 | D:1      | Reached XP level 2. HP: 23/24 MP: 2/2
  1007 | D:2      | Noticed Sigmund
  1234 | D:2      | Gained mutation: You have a pair of horns on your head. [demonic ancestry]
  1234 | D:2      | Reached XP level 3. HP: 29/29 MP: 3/3
  1278 | D:2      | Reached ** piety under Trog
  1371 | D:2      | Found an ancient bone altar of Kikubaaqudgha.
  1727 | D:2      | Found a glowing golden altar of the Shining One.
  1837 | D:2      | HP: 1/29 [Sigmund/puff of flame (9)]
  1838 | D:2      | Slain by Sigmund

Skill      XL: |  1 |
---------------+----+-----
Long Blades    | 3 |  3.9
Armour         | 2 |  2.6
Fighting       | |  3.0
Dodging        | |  1.7

Action                   || total
-------------------------++-------
Melee: Falchion          ||    82
       Headbutt          ||    23
Invok: Trog's Hand       ||     1
 Stab: Sleeping          ||     1
  Eat: Chunk             ||     3
Armor: Animal skin       ||    26
Dodge: Dodged            ||    60
       Rpst.: Falchion   ||    18
